 Dungeon Crawl Stone Soup version 0.28-a0-312-gbced6e68ee (webtiles) character file.

Game seed: 6613704256315942799

34 jdzakarian the Skirmisher (level 3, 0/33 HPs)
             Began as a Hill Orc Fighter on Aug 31, 2021.
             Slain by a gnoll (4 damage)
             ... on level 2 of the Dungeon.
             The game lasted 00:03:35 (499 turns).

jdzakarian the Skirmisher (Hill Orc Fighter)         Turns: 499, Time: 00:03:35

Health: 0/33       AC:  6    Str: 18    XL:     3   Next: 31%
Magic:  3/3        EV:  7    Int:  8    God:
Gold:   0          SH:  8    Dex: 11    Spells: 2/2 levels left

rFire   . . .      SeeInvis .   a - +0 war axe
rCold   . . .      Faith    .   c - +0 kite shield
rNeg    . . .      Spirit   .   b - +0 scale mail
rPois   .          Reflect  .   (no helmet)
rElec   .          Harm     .   (no cloak)
rCorr   .          Rampage  .   (no gloves)
Will    .....                   (no boots)
Stlth   ..........              f - amulet of regeneration
HPRegen 1.11/turn               (no ring)
MPRegen 0.08/turn               (no ring)

@: mighty, brilliant
A: no striking features
a: no special abilities


You were on level 2 of the Dungeon.
You visited 1 branch of the dungeon, and saw 2 of its levels.

Inventory:

Hand Weapons
 a - a +0 war axe (weapon)
Armour
 b - a +0 scale mail (worn)
 c - a +0 kite shield (worn)
Jewellery
 f - an amulet of regeneration (around neck)


   Skills:
 + Level 4.1 Fighting
 + Level 3.2 Axes
 + Level 3.6 Armour
 + Level 0.1 Dodging
 + Level 3.6 Shields


You had 2 spell levels left.
You didn't know any spells.
Your spell library was empty.

Dungeon Overview and Level Annotations

Branches:
Dungeon (2/15)

Altars:


Message History

The gnoll barely misses you. The quokka bites you.
You block the gnoll's attack. The quokka bites you.
You block the gnoll's attack. You block the quokka's attack.
The gnoll hits you from afar with a +0 halberd.
The quokka bites you but does no damage.
Found a stone staircase leading down.
You block the quokka's attack.
You closely miss the quokka. The quokka bites you.
You block the quokka's attack.
The gnoll hits you from afar with a +0 spear.
You slash the quokka!
You kill the quokka!
The gnoll hits you from afar with a +0 spear.
The gnoll barely misses you. You block the gnoll's attack.
The gnoll hits you but does no damage.
The gnoll hits you from afar with a +0 spear.
You block the gnoll's attack. The gnoll barely misses you.
You closely miss the gnoll. You slash the gnoll! You block the gnoll's attack.
The gnoll hits you with a +0 spear.
You slash the gnoll!
You kill the gnoll!
You hit the gnoll but do no damage. You block the gnoll's attack.
The gnoll hits you but does no damage.
Your Fighting skill increases to level 4!
Your Axes skill increases to level 3!
You have reached level 3!
Your experience leads to an increase in your attributes!
Increase (S)trength, (I)ntelligence, or (D)exterity?
Uppercase letters only, please.
You feel agile.
You slash the gnoll!
You kill the gnoll!
You barely miss the gnoll. The gnoll hits you with a +0 flail!
The gnoll throws a stone.
You block the stone. The gnoll hits you with a +0 flail!
* * * LOW HITPOINT WARNING * * *
The gnoll hits you with a +0 whip.
You die...

.#...#########...## .....
.'...........'....#......
.###........##...g.......
.##..#...##..#..g#.......
.#..###.#.##.....#.......
#..## ##.#.##..####.####.
..## ##.#.##..## ..# .##
#.#.##gg###.#### ##
#.#.##@......># # #.
####.#.#.# .# .. ###


You could see 2 gnolls.

Vanquished Creatures
  2 gnolls (D:2)
  A bat (D:1)
  An endoplasm (D:1)
  3 goblins
  A hobgoblin (D:1)
  2 quokkas (D:2)
  2 ball pythons (D:2)
  A kobold (D:1)
13 creatures vanquished.

Notes
Turn   | Place    | Note
-------+----------+-------------------------------------------
     0 | D:1      | jdzakarian the Hill Orc Fighter began the quest for the
                  | Orb.
     0 | D:1      | Reached XP level 1. HP: 19/19 MP: 1/1
    72 | D:2      | Reached XP level 2. HP: 18/27 MP: 2/2
   498 | D:2      | Reached skill level 4 in Fighting
   498 | D:2      | Reached XP level 3. HP: 17/33 MP: 3/3
   499 | D:2      | Slain by a gnoll

Illustrated notes

Levels and vault maps discovered:
D:1:      roderic_dead_forest, layout_basic
D:2:      minmay_inner_zag, layout_basic, shapermc_ecumenical_altar_venn,
          grunt_decor_mini_mirrors, nrook_campfire, wad_floor_pattern_untrapped

Skill      XL: |  1  2 |
---------------+-------+-----
Fighting       | 4 |  4.1
Axes           | 3 |  3.2
Armour         | |  3.6
Dodging        | |  0.1
Shields        | |  3.6

Action                   || total
-------------------------++-------
Melee: War axe           ||    24
  Use: Potion            ||     2
Armor: Scale mail        ||    13
Dodge: Dodged            ||    19
Block: Kite shield       ||    20

Table legend: (Time is in decaauts)
 A = Elapsed time spent in this place.
 B = Non-inter-level travel time spent in this place.
 C = Inter-level travel time spent in this place.
 D = Time resting spent in this place.
 E = Time spent auto-exploring this place.
 F = Levels seen in this place.
 G = Mean time per level.
                   A        B        C        D        E       F      G
               +--------+--------+--------+--------+--------+-----+--------+
         Total |    513 |    506 |      7 |    290 |      0 |   2 |  256.5 |
       Dungeon |    513 |    506 |      7 |    290 |      0 |   2 |  256.5 |
               +--------+--------+--------+--------+--------+-----+--------+

Top non-repeatable levels by time:
     D:2: 441 daAuts
     D:1: 71 daAuts
